 Dungeon Crawl Stone Soup version 0.25.0-33-gff14898491 (webtiles) character file.

Game seed: 2354151337821961242

80585 MisterFreud the Basher (level 15, -7/141 HPs)
             Began as a Demonspawn Ice Elementalist on July 7, 2020.
             Was an Initiate of Gozag.
             Mangled by a profane servitor
             ... wielding a +2 vampiric demon whip
              (10 damage)
             ... on level 2 of the Abyss.
             The game lasted 01:35:17 (28621 turns).

MisterFreud the Basher (DsIE)                      Turns: 28621, Time: 01:35:18

Health: -7/141     AC:  7    Str: 10    XL:     15   Next: 24%
Magic:  27/27      EV: 16    Int: 22    God:    Gozag
Gold:   3175       SH: 13    Dex: 19    Spells: 20/30 levels left

rFire    . . .     SeeInvis .   a - +10 morningstar "Eos" {elec, Halo rElec}
rCold    . . .     Gourm    .   F - +0 kite shield
rNeg     . . .     Faith    .   z - +0 robe
rPois    .         Spirit   .   P - +2 hat
rElec    +         Reflect  .   I - +0 cloak
rCorr    .         Harm     .   G - +0 pair of gloves
MR       ++...                  D - +0 pair of boots
Stlth    ..........             g - amulet of the acrobat
HPRegen  2.33/turn              w - ring of protection from magic
MPRegen  0.20/turn              t - ring of the Distant Future {*Corrode +Inv rC- Dex+6 Slay+5}

@: mighty, berserking (expiring), corroded, hasted, lightly drained, very quick
A: horns 2, thin metallic scales 3, cold resistance 1, frail 1, powered by death
3
a: Potion Petition, Call Merchant, Bribe Branch, Renounce Religion, Evoke
Invisibility


You were on level 2 of the Abyss.
You worshipped Gozag.
Gozag was most pleased with you.
You were not hungry.

You visited 2 branches of the dungeon, and saw 21 of its levels.
You visited the Abyss 1 time.
You also visited: Sewer and Gauntlet.

You collected 6462 gold pieces.
You spent 1184 gold pieces at shops.
You paid 2103 gold pieces to Gozag.

Inventory:

Hand Weapons
 a - the +10 morningstar "Eos" (weapon) {elec, Halo rElec}
   (You bought it in a shop on level 13 of the Dungeon)

   Occasionally, upon striking a foe, it will discharge some electrical energy
   and cause terrible harm.
   It insulates you from electricity.
 b - the +10 mace "Niupiar" {vorpal, rF+ Dex+2 SInv}
   (You found it on level 4 of the Dungeon)

   It inflicts extra damage upon your enemies.
   It affects your dexterity (+2).
   It protects you from fire.
   It lets you see invisible.
Missiles
 E - 3 silver javelins (quivered)
 J - 22 boomerangs
 L - 3 throwing nets
 U - 27 javelins
Armour
 z - a +0 robe (worn)
 D - a +0 pair of boots (worn)
 F - a +0 kite shield (worn)
 G - a +0 pair of gloves (worn)
 I - a +0 cloak (worn)
 P - a +2 hat (worn)
Jewellery
 g - an amulet of the acrobat (around neck)
 n - the amulet of Xohiusi {Inacc rPois Str-3 Int+3}
   (You found it on level 13 of the Dungeon)

   [amulet of inaccuracy]

   It reduces the accuracy of all your attacks.
   It affects your strength (-3).
   It affects your intelligence (+3).
   It protects you from poison.
 t - the ring of the Distant Future (right hand) {*Corrode +Inv rC- Dex+6 Slay+5}
   (You acquired it on level 6 of the Lair of Beasts)

   [ring of dexterity]

   It affects your dexterity (+6).
   It affects your accuracy and damage with ranged weapons and melee attacks
   (+5).
   It makes you vulnerable to cold.
   It lets you turn invisible.
   It may corrode you when you take damage.
 w - a ring of protection from magic (left hand)
 y - an uncursed ring of resist corrosion
 A - an uncursed ring of protection from magic
 M - a +4 ring of evasion
 T - an uncursed ring of protection from cold
Wands
 m - a wand of polymorph (28)
 x - a wand of digging (13)
 O - a wand of paralysis (15)
 Q - a wand of clouds (11)
 W - a wand of iceblast (2)
 Y - a wand of enslavement (11)
Scrolls
 d - 4 scrolls of fear
 i - 3 scrolls of magic mapping
 l - 2 scrolls of immolation
 q - 7 scrolls of identify
 u - a scroll of torment
 v - 7 scrolls of teleportation
 B - 2 scrolls of amnesia
 V - 5 scrolls of enchant armour
 X - 4 scrolls of fog
Potions
 e - 3 potions of might
 h - 2 potions of lignification
 j - 2 potions of invisibility
 o - 2 potions of haste
 r - 5 potions of brilliance
 H - 4 potions of curing
 K - 6 potions of stabbing
 R - a potion of resistance
 Z - 2 potions of magic
Miscellaneous
 f - a phial of floods
 k - a tin of tremorstones (2/3)
 N - a lightning rod (4/4)
Comestibles
 c - 31 rations


   Skills:
 - Level 6.0(5.7) Fighting
 + Level 14.9(14.6) Maces & Flails
 - Level 6.0(5.7) Dodging
 - Level 1.7(1.5) Stealth
 + Level 13.9(13.6) Shields
 - Level 4.1(3.9) Unarmed Combat
 - Level 8.0(7.7) Spellcasting
 - Level 5.0(4.7) Charms
 - Level 5.0(4.7) Ice Magic
 - Level 5.0(4.7) Evocations


You had 20 spell levels left.
You knew the following spells:

 Your Spells              Type           Power        Failure   Level  Hunger
b - Frozen Ramparts       Ice            ####..       3%          3    None
c - Ozocubu's Armour      Chrm/Ice       ####....     3%          3    None
d - Summon Ice Beast      Ice/Summ       ###.....     34%         4    ###....

Your spell library contained the following spells:

 Spells                   Type           Power        Failure   Level  Hunger
 Freeze                   Ice            ####         1%          1    None
 Infusion                 Chrm           ####         1%          1    None
 Song of Slaying          Chrm           ####....     1%          2    None
 Shroud of Golubria       Chrm/Tloc      ###...       5%          2    None
 Animate Skeleton         Necr           N/A          9%          1    None
 Apportation              Tloc           #.....       9%          1    None
 Corona                   Hex            #......      9%          1    None
 Foxfire                  Conj/Fire      #...         9%          1    None
 Sandblast                Erth           #.....       9%          1    None
 Sting                    Tmut/Pois      #...         9%          1    None
 Summon Small Mammal      Summ           #...         9%          1    None
 Spectral Weapon          Hex/Chrm       ###.....     11%         3    None
 Passwall                 Tmut/Erth      #.......     14%         2    None
 Poisonous Vapours        Pois/Air       #.....       14%         2    None
 Confusing Touch          Hex            #.......     26%         3    None
 Conjure Flame            Conj/Fire      #.......     26%         3    None
 Gell's Gravitas          Tloc           #.........   26%         3    None
 Ignite Poison            Fire/Tmut/Pois #.......     26%         3    None
 Inner Flame              Hex/Fire       #.......     26%         3    None
 Mephitic Cloud           Conj/Pois/Air  #.......     26%         3    None
 Stone Arrow              Conj/Erth      #.....       26%         3    None
 Hailstorm                Conj/Ice       ###.....     34%         4    ###....
 Olgreb's Toxic Radiance  Pois           #.......     65%         4    ###....
 Petrify                  Tmut/Erth      #.......     65%         4    ###....
 Sticky Flame             Conj/Fire      #.......     65%         4    ###....
 Metabolic Englaciation   Hex/Ice        ###.......   67%         5    #####..
 Fireball                 Conj/Fire      #.........   94%         5    #####..
 Lee's Rapid Deconstruct  Erth           #.........   94%         5    #####..
 Yara's Violent Unravell  Hex/Tmut       #.........   94%         5    #####..


Dungeon Overview and Level Annotations

Branches:
Dungeon (15/15)            Temple (0/1) D:6            Lair (6/6) D:10
 Spider (0/4) Lair:3        Slime (0/5) Lair:6          Orc (0/2) D:11
 Vaults (0/5) D:14          Sewer (visited)         Gauntlet (visited)
  Swamp: Lair:2-4    Shoals: Lair:2-4    Depths: D:15

Altars:
Ashenzari
Cheibriados
Dithmenos
Elyvilon
Fedhas
Gozag
Makhleb
Ru
Trog
Uskayaw
Wu Jian
Xom
The Shining One

Shops:
D:13 (   D:15 (

Annotations:
D:3 3 runed translucent doors, windycow's ghost, amateur CeAM
D:9 2 transporters, mortelune's ghost, novice FoAK
D:14 1 runed translucent door
Lair:3 1 transporter, Zigh's ghost, journeyman TrHu
Lair:4 exclusion: oklob plant
Lair:5 3 runed translucent doors, TrebMcFLY's ghost, journeyman TrHu


Innate Abilities, Weirdness & Mutations

You have a pair of horns on your head.
You are completely covered in thin metallic scales. (AC +4, rElec)
Your flesh is cold resistant. (rC+)
You regenerate a lot of health from kills.
You are frail. (-10% HP)


Message History

The raiju is no longer distracted by gold.
The profane servitor hits you with a +2 vampiric demon whip!!
* * * LOW HITPOINT WARNING * * *
The profane servitor draws strength from your injuries!
The profane servitor barely misses you.
Unknown command.
You hit the profane servitor.
The profane servitor is moderately damaged.
Unknown command.
Unknown command.
Unknown command.
You completely miss the profane servitor.
The profane servitor is moderately damaged.
The raiju is no longer distracted by gold.
The profane servitor hits you with a +2 vampiric demon whip!!
* * * LOW HITPOINT WARNING * * *
The profane servitor draws strength from your injuries!
The profane servitor hits you with a +2 vampiric demon whip!
You die...
Your body crumbles into a pile of gold. # # . . . ... ...#.....#.... . hh.........

....
.5........
# .....$.
# .# . .
#.$$$.
##.$$## .
. .
#.$A..# .
. . # #@#
# # ..
.#h# # ..
. ..#.#
### . . .
#.# ...
#.# #.# .
. # .#.# #
##X #.. .
. .. #.
.##.. .. .
##. X# # #
. ..


You could see a profane servitor, 3 raiju and an iron imp.

Vanquished Creatures
  Frances (D:13)
  Gastronok (Lair:1)
  Kirke (D:13)
  Azrael (D:13)
  A minotaur (Gauntlet)
  An ogre mage (D:15)
  A rakshasa (D:15)
  An ice dragon (D:14)
  3 hydras
  3 catoblepae (Lair:6)
  11 two-headed ogres
  3 centaur warriors
  7 death yaks
  A thrashing horror (Abyss:2)
  A sixfirhy (Abyss:2)
  A deep troll (D:14)
  4 skeletal warriors (D:15)
  An unseen horror (D:14)
  A wizard (Gauntlet)
  An orc knight (D:15)
  A wolf spider zombie (D:14)
  6 ugly things
  2 cyclopes (D:11)
  3 manticores
  Joseph (D:7)
  6 elephants (Lair:4)
  Maurice (D:11)
  4 black mambas
  A guardian serpent (shapeshifter) (D:13)
  A torpor snail (Lair:3)
  A smoke demon (Abyss:2)
  A gargoyle (D:12)
  7 spiny frogs
  A hellion (Abyss:2)
  An efreet (Abyss:2)
  4 demonic crawlers (D:13)
  2 freezing wraiths (D:14)
  8 komodo dragons
  A tengu conjurer (D:14)
  A troll (D:15)
  A troll (shapeshifter) (D:13)
  9 blink frogs
  3 polar bears
  3 hornets
  3 large abominations (Abyss:2)
  6 hippogriffs
  5 slime creatures
  9 dream sheep
  3 raiju
  A redback (Lair:3)
  2 shadows
  2 wraiths
  45 yaks
  2 vampires
  2 chaos spawn (Abyss:2)
  5 fire elementals (D:13)
  2 hungry ghosts
  A neqoxec (Abyss:2)
  4 hogs (D:13)
  A basilisk (D:15)
  Edmund (D:6)
  8 vampire mosquitoes
  2 wargs (D:11)
  4 small abominations (Abyss:2)
  An acid dragon (D:14)
  2 water moccasins
  3 hell hounds (D:13)
  4 ice beasts
  10 porcupines
  A black bear (Lair:2)
  11 orc warriors
  3 sky beasts
  3 phantoms
  6 wolves (Lair:6)
  A necrophage (D:11)
  2 eyes of draining
  5 boggarts
  9 ogres
  10 centaurs
  4 crocodiles
  Blork the orc (D:4)
  18 bullfrogs
  4 big kobolds
  4 scorpions
  10 killer bees
  3 howler monkeys
  An electric eel (Lair:2)
  2 crimson imps
  2 bullfrog zombies
  4 centaur zombies
  14 starcursed masses (Abyss:2)
  4 centaur skeletons
  9 hounds
  3 jellies
  12 orc priests
  Crazy Yiuf (D:3)
  An iron imp (Abyss:2)
  3 bullfrog skeletons
  Terence (D:2)
  7 hell rats (Lair:4)
  5 iguanas
  12 orc wizards
  A lightning spire (Gauntlet)
  8 worker ants
  2 hound zombies
  2 hound skeletons
  A worker ant zombie (D:11)
  13 gnolls
  2 river rats (D:3)
  13 adders
  7 shadow imps
  2 white imps (Gauntlet)
  8 oozes
  An adder zombie (D:9)
  3 worms (D:3)
  3 dart slugs
  15 leopard geckos
  46 orcs
  14 giant cockroaches
  2 goblins
  9 hobgoblins
  8 jackals
  9 quokkas
  14 ball pythons
  10 bats
  15 frilled lizards
  18 kobolds
  A leopard gecko skeleton (D:5)
  2 leopard gecko zombies (D:5)
  A quokka skeleton (D:8)
  A quokka zombie (D:8)
  11 rats
  A fungus (D:3)
661 creatures vanquished.

Vanquished Creatures (others)
  A shadow (D:13)
  2 humans (D:13)
  An orc priest (D:13)
  2 orcs (D:13)
  A bush (Lair:2)
  11 fungi
  17 plants
  6 toadstools (D:2)
41 creatures vanquished.

Grand Total: 702 creatures vanquished

Notes
Turn   | Place    | Note
-------+----------+-------------------------------------------
     0 | D:1      | MisterFreud the Demonspawn Ice Elementalist began the quest
                  | for the Orb.
     0 | D:1      | Reached XP level 1. HP: 13/13 MP: 3/3
   229 | D:1      | Reached skill level 1 in Fighting
   433 | D:1      | Gained mutation: You regenerate a little health from kills.
                  | [demonic ancestry]
   433 | D:1      | Reached XP level 2. HP: 22/22 MP: 3/5
  1656 | D:2      | Reached XP level 3. HP: 20/28 MP: 0/6
  1812 | D:2      | Learned a level 3 spell: Frozen Ramparts
  2141 | D:2      | Gained mutation: Your flesh is cold resistant. (rC+)
                  | [demonic ancestry]
  2141 | D:2      | Reached XP level 4. HP: 35/35 MP: 3/7
  2391 | D:2      | Found a sacrificial altar of Ru.
  2434 | D:2      | Noticed Terence
  2451 | D:2      | Killed Terence
  2822 | D:3      | Found a glowing drain.
  2848 | D:3      | Reached XP level 5. HP: 34/41 MP: 4/9
  2862 | Sewer    | Entered a sewer
  3230 | Sewer    | Reached skill level 5 in Ice Magic
  3418 | Sewer    | Reached skill level 1 in Unarmed Combat
  3874 | Sewer    | Reached XP level 6. HP: 41/47 MP: 5/10
  4475 | D:3      | Found a runed translucent gate.
  4475 | D:3      | Found a runed translucent gate.
  4475 | D:3      | Found a runed translucent gate.
  4475 | D:3      | Noticed windycow's ghost (amateur CeAM)
  4705 | D:3      | Found a runed translucent door.
  4706 | D:3      | Noticed Crazy Yiuf
  4845 | D:3      | Killed Crazy Yiuf
  5158 | D:4      | Found a shadowy altar of Dithmenos.
  5414 | D:4      | Learned a level 3 spell: Ozocubu's Armour
  5419 | D:4      | Learned a level 4 spell: Summon Ice Beast
  5512 | D:4      | Got an ancient mace
  5539 | D:4      | Identified the +10 mace "Niupiar" {vorpal, rF+ Dex+2 SInv}
                  | (You found it on level 4 of the Dungeon)
  5585 | D:4      | Reached XP level 7. HP: 52/52 MP: 7/11
  6113 | D:4      | Reached skill level 5 in Spellcasting
  6119 | D:4      | Noticed Blork the orc
  6180 | D:4      | Found a hide-covered altar of Uskayaw.
  6187 | D:4      | Killed Blork the orc
  6547 | D:5      | Entered Level 5 of the Dungeon
  6657 | D:5      | Found an opulent altar of Gozag.
  6742 | D:5      | Became a worshipper of Gozag Ym Sagoz the Greedy
  6840 | D:5      | Gained mutation: You are partially covered in thin metallic
                  | scales. (AC +2) [demonic ancestry]
  6840 | D:5      | Reached XP level 8. HP: 39/58 MP: 15/17
  7913 | D:6      | Found a white marble altar of Elyvilon.
  7996 | D:6      | Found a sacrificial altar of Ru.
  7999 | D:6      | Noticed Edmund
  8022 | D:6      | Killed Edmund
  8534 | D:6      | Reached skill level 1 in Maces & Flails
  8581 | D:6      | Found a staircase to the Ecumenical Temple.
  8594 | D:6      | Reached skill level 2 in Maces & Flails
  8745 | D:6      | Reached skill level 3 in Maces & Flails
  8842 | D:6      | Gained mutation: You are mostly covered in thin metallic
                  | scales. (AC +3) [demonic ancestry]
  8842 | D:6      | Reached XP level 9. HP: 59/63 MP: 21/21
  9142 | D:7      | Reached skill level 4 in Maces & Flails
  9237 | D:7      | Reached skill level 5 in Maces & Flails
  9424 | D:7      | Reached skill level 6 in Maces & Flails
  9437 | D:7      | Reached skill level 1 in Charms
  9606 | D:7      | Noticed Joseph
  9624 | D:7      | Killed Joseph
  9902 | D:7      | Found a shattered altar of Ashenzari.
  9914 | D:7      | Reached skill level 7 in Maces & Flails
 10117 | D:7      | Paralysed by a hornet for 3 turns
 10409 | D:7      | Found a shimmering altar of Xom.
 10409 | D:7      | Found a snail-covered altar of Cheibriados.
 10506 | D:8      | Found a glowing golden altar of the Shining One.
 10587 | D:8      | Gained mutation: You are completely covered in thin
                  | metallic scales. (AC +4, rElec) [demonic ancestry]
 10587 | D:8      | Reached XP level 10. HP: 70/70 MP: 18/22
 10683 | D:8      | Noticed a three-headed hydra
 10754 | D:8      | Killed a three-headed hydra
 10754 | D:8      | Reached skill level 8 in Maces & Flails
 10754 | D:8      | Reached skill level 5 in Charms
 11069 | D:8      | Reached skill level 9 in Maces & Flails
 11705 | D:8      | Found an ornate altar of the Wu Jian Council.
 11745 | D:8      | Noticed Psyche
 11750 | D:8      | Noticed Psyche
 11750 | D:8      | Psyche changed into Psyche the hornet
 11759 | D:8      | Killed Psyche the hornet
 12602 | D:9      | Noticed a two-headed ogre
 12679 | D:9      | Found a transporter.
 12679 | D:9      | Noticed a deep troll
 12695 | D:9      | Reached skill level 1 in Evocations
 12714 | D:9      | Identified the +6 trident of Crusades {drain, rElec rF+ MR-
                  | Int-5 Dex+2}
 12714 | D:9      | Noticed a tengu warrior
 12719 | D:9      | Noticed a moth of wrath
 12720 | D:9      | Found a bloodstained altar of Trog.
 12722 | D:9      | Noticed mortelune's ghost (novice FoAK)
 12740 | D:9      | Found a transporter.
 12768 | D:9      | Noticed a red ugly thing
 12795 | D:9      | Killed a red ugly thing
 12795 | D:9      | Reached skill level 10 in Maces & Flails
 12982 | D:9      | Killed a two-headed ogre
 12982 | D:9      | Gained mutation: You regenerate health from kills. [demonic
                  | ancestry]
 12982 | D:9      | Reached XP level 11. HP: 75/75 MP: 20/23
 13478 | D:10     | Entered Level 10 of the Dungeon
 13620 | D:10     | Noticed a two-headed ogre
 13644 | D:10     | Killed a two-headed ogre
 13775 | D:10     | Found a staircase to the Lair.
 14275 | D:10     | Reached skill level 5 in Dodging
 14453 | D:10     | Found a blossoming altar of Fedhas.
 14481 | D:11     | Noticed a two-headed ogre
 14892 | Lair:1   | Entered Level 1 of the Lair of Beasts
 14907 | Lair:1   | Noticed Gastronok
 15008 | Lair:1   | Reached skill level 1 in Shields
 15008 | Lair:1   | Reached skill level 5 in Evocations
 15009 | Lair:1   | Found a gate leading to a gauntlet.
 15018 | Gauntlet | Entered a Gauntlet
 15018 | Gauntlet | Found a transporter.
 15018 | Gauntlet | Found a transporter.
 15018 | Gauntlet | Found a runed translucent door.
 15018 | Gauntlet | Found a runed translucent door.
 15020 | Gauntlet | Noticed a wizard
 15310 | Gauntlet | Found a transporter.
 15314 | Gauntlet | Found a transporter.
 15326 | Gauntlet | Found a transporter.
 15327 | Gauntlet | Found a transporter.
 15332 | Gauntlet | Found a runed translucent gate.
 15332 | Gauntlet | Found a runed translucent gate.
 15332 | Gauntlet | Found a runed translucent gate.
 15334 | Gauntlet | Found a transporter.
 15350 | Gauntlet | Found a transporter.
 15365 | Gauntlet | Found a transporter.
 15369 | Gauntlet | Found a transporter.
 15371 | Gauntlet | Found a runed translucent door.
 15372 | Gauntlet | Noticed a queen ant
 15373 | Gauntlet | Found a runed translucent door.
 15377 | Gauntlet | Found a transporter.
 15381 | Gauntlet | Found a transporter.
 15381 | Gauntlet | Noticed a death scarab
 15427 | Gauntlet | Killed a wizard
 15622 | Gauntlet | Noticed a minotaur
 15644 | Gauntlet | Killed a minotaur
 15769 | Lair:1   | Killed Gastronok
 16327 | Lair:1   | Got a faintly humming helmet
 16336 | Lair:1   | Gained mutation: You have a pair of small horns on your
                  | head. [demonic ancestry]
 16336 | Lair:1   | Reached XP level 12. HP: 72/81 MP: 20/24
 17094 | Lair:2   | Noticed a four-headed hydra
 17126 | Lair:2   | Killed a four-headed hydra
 18301 | Lair:3   | Found a transporter.
 18371 | Lair:3   | Noticed Zigh's ghost (journeyman TrHu)
 18431 | Lair:3   | Found a hole to the Spider Nest.
 19012 | Lair:3   | Noticed a death yak
 19123 | Lair:4   | Reached skill level 10 in Shields
 19335 | Lair:4   | Reached skill level 5 in Fighting
 20449 | Lair:5   | Found a runed translucent gate.
 20449 | Lair:5   | Found a runed translucent gate.
 20449 | Lair:5   | Found a runed translucent gate.
 20450 | Lair:5   | Noticed TrebMcFLY's ghost (journeyman TrHu)
 20985 | Lair:6   | Entered Level 6 of the Lair of Beasts
 20999 | Lair:6   | Noticed a six-headed hydra
 21011 | Lair:6   | Reached XP level 13. HP: 93/93 MP: 21/25
 21017 | Lair:6   | Reached skill level 11 in Maces & Flails
 21771 | Lair:6   | Reached skill level 12 in Maces & Flails
 21962 | Lair:6   | Identified a scroll of acquirement
 21964 | Lair:6   | Got the ring of the Distant Future {*Corrode +Inv rC- Dex+6
                  | Slay+5}
 22453 | Lair:6   | Got a bronze ring mail
 22454 | Lair:6   | Identified the cursed +1 ring mail "Cej Zot" {rF- Regen+
                  | rCorr Str+2} (You found it on level 6 of the Lair of
                  | Beasts)
 22591 | Lair:6   | Found a staircase to the Slime Pits.
 23170 | D:11     | Noticed Maurice
 23187 | D:11     | Killed Maurice
 23232 | D:11     | Found a staircase to the Orcish Mines.
 23738 | D:11     | Reached skill level 13 in Maces & Flails
 23738 | D:11     | Gained mutation: You regenerate a lot of health from kills.
                  | [demonic ancestry]
 23738 | D:11     | Reached XP level 14. HP: 100/100 MP: 23/26
 25095 | D:13     | Found a burning altar of Makhleb.
 25260 | D:13     | Found Ukoe's Weapon Boutique.
 25262 | D:13     | Noticed Kirke
 25292 | D:13     | Killed Kirke
 25327 | D:13     | Bought the +10 morningstar "Eos" {elec, Halo rElec} for
                  | 1184 gold pieces
 25327 | D:13     | Found the +10 morningstar "Eos" {elec, Halo rElec}
 25355 | D:13     | Noticed Frances
 25370 | D:13     | Killed Frances
 25721 | D:13     | Got an ancient pewter amulet
 25722 | D:13     | Identified the amulet of Xohiusi {Inacc rPois Str-3 Int+3}
                  | (You found it on level 13 of the Dungeon)
 25885 | D:13     | Noticed Azrael
 25902 | D:13     | Killed Azrael
 26179 | D:14     | Reached skill level 14 in Maces & Flails
 26787 | D:14     | Found a runed translucent door.
 26787 | D:14     | Noticed a storm dragon
 26787 | D:14     | Noticed a fire giant
 26789 | D:14     | Noticed a tengu reaver
 26789 | D:14     | Noticed a fire giant
 26789 | D:14     | Identified the +6 scimitar of Ocokhye {vorpal, rN+ MR+
                  | Stlth+}
 26789 | D:14     | Noticed a fire giant
 26894 | D:14     | Found a gate to the Vaults.
 27109 | D:15     | Entered Level 15 of the Dungeon
 27167 | D:15     | Found Pahuzics's Weapon Boutique.
 27531 | D:15     | Gained mutation: You have a pair of horns on your head.
                  | [demonic ancestry]
 27531 | D:15     | Reached XP level 15. HP: 105/105 MP: 20/27
 27991 | D:15     | Cast into level 2 of the Abyss (skeletal warrior)
 28209 | Abyss:2  | Noticed a bone dragon
 28247 | Abyss:2  | Found a corrupted altar of Lugonu.
 28281 | Abyss:2  | Noticed a black draconian knight
 28298 | Abyss:2  | Found a corrupted altar of Lugonu.
 28301 | Abyss:2  | Found a corrupted altar of Lugonu.
 28338 | Abyss:2  | Noticed a tentacled starspawn
 28367 | Abyss:2  | Gained mutation: You are frail. (-10% HP) [a neqoxec]
 28380 | Abyss:2  | Noticed a Hell Sentinel
 28579 | Abyss:2  | Paralysed by accursed screaming for 2 turns
 28592 | Abyss:2  | Noticed a profane servitor
 28621 | Abyss:2  | HP: 3/141 [profane servitor/+2 vampiric demon whip (30)]
 28621 | Abyss:2  | Mangled by a profane servitor

Illustrated notes

Levels and vault maps discovered:
D:1:      heliophobic_arrival_dark_side_of_the_moon, layout_basic
D:2:      minmay_general_purpose_star, layout_basic,
          lemuel_coloured_pillars_altar, minmay_gold_behind_fungi,
          minmay_hexomino_c4, uniq_terence
D:3:      layout_rooms, first_ration, portal_sewer_entry_c,
          gammafunk_ghost_necromancy, chequers_decorated_corner,
          uniq_crazy_yiuf_cottage
D:4:      layout_loops_ring, grunt_dithmenos_shadows,
          eat_drink_and_be_merry_uskayaw, hangedman_minor_gate_pass,
          uniq_blork_the_orc
D:5:      layout_basic, kennysheep_mini
D:6:      layout_gridville, lemuel_crystal_altar, minmay_temple_entry_mist,
          basic_altar, uniq_edmund
D:7:      layout_rooms, ashenzari_altar_1, gammafunk_temple_overflow_elements,
          uniq_joseph
D:8:      layout_loops_corners, lemuel_round_altar, lemuel_round_altar,
          hangedman_ranch [blue_anna_fruit_fields], uniq_psyche
D:9:      lemuel_ice_spiral_2, layout_basic, gammafunk_ghost_wrathful_warriors,
          nooodl_food_tri
D:10:     layout_basic, lair_entry_dummy, fedhas_altar_2
D:11:     cheibrodos_elevator_heist, layout_irregular_city, david_orc_1_choice,
          uniq_maurice
D:12:     layout_small_grid
D:13:     layout_roguey, basic_altar, minmay_shop_grid_forest,
          einodemon_crawler_minivault, uniq_frances, uniq_azrael, uniq_kirke
D:14:     minmay_gate_of_8, layout_loops_corners, david_vaults_4, minivault_27,
          chequers_garden, nicolae_lava_and_water
D:15:     gammafunk_enter_depths_forms, layout_cave_pools, serial_shops,
          nicolae_shop_competitors_out_of_business, nicolae_twisting_strands
Lair:1:   layout_regular_city, gauntlet_entry_generic,
          grunt_forest_stairs_basic, uniq_gastronok
Lair:2:   layout_layer_cave, nicolae_quartered_pool_medium, grunt_megastairs_2,
          lemuel_fruit_fields
Lair:3:   layout_layer_cave, elwin_shoals_entry_rooms, spider_nest_entry_webs,
          gammafunk_ghost_berserking_beasts
Lair:4:   layout_loops_ring
Lair:5:   layout_gridlike, gammafunk_ghost_necromancy
Lair:6:   evilmike_catoblepas_cave, layout_loops_ring, slime_dummy
Abyss:2:  base: D:10, minivault_26, evilmike_abyss_exit_10,
          evilmike_abyss_exit_plants

Skill      XL: |  1  2  3  4  5  6  7  8  9 10 11 12 13 14 |
---------------+-------------------------------------------+-----
Fighting       | 1 2 3 6 |  6.0
Ice Magic      | 4 5 |  5.0
Spellcasting   | 3 6 8 |  8.0
Unarmed Combat | 2 4 |  4.1
Maces & Flails | 3 7 10 13 14 | 14.9
Charms         | 4 5 |  5.0
Dodging        | 3 6 |  6.0
Evocations     | 3 5 |  5.0
Shields        | 6 10 11 13 | 13.9
Stealth        | |  1.7

Action                   |  1- 3 |  4- 6 |  7- 9 | 10-12 | 13-15 || total
-------------------------+-------+-------+-------+-------+-------++-------
Melee: Unarmed           |     4 |    16 |     4 |       |       ||    24
       Short sword       |     9 |    92 |       |       |       ||   101
       Punch             |       |     2 |     6 |     1 |       ||     9
       Mace              |       |     1 |   157 |   297 |   366 ||   821
       Headbutt          |       |       |       |    18 |   140 ||   158
       Morningstar       |       |       |       |       |   306 ||   306
 Cast: Freeze            |    48 |    27 |     1 |       |       ||    76
       Frozen Ramparts   |     3 |    37 |    43 |   100 |    82 ||   265
       Ozocubu's Armour  |       |       |       |     3 |    14 ||    17
Invok: Potion Petition   |       |       |       |       |     6 ||     6
Evoke: Wand              |       |    13 |     2 |    22 |     8 ||    45
       Lightning rod     |       |       |       |     5 |       ||     5
       Tin of tremorston |       |       |       |       |     1 ||     1
  Use: Scroll            |       |     8 |     3 |    16 |    15 ||    42
       Potion            |       |       |     1 |     1 |    12 ||    14
 Stab: Sleeping          |     1 |     2 |     2 |     3 |       ||     8
       Distracted        |       |       |     1 |     1 |     6 ||     8
       Paralysed         |       |       |       |     3 |     1 ||     4
  Eat: Chunk             |     5 |    15 |     5 |       |     2 ||    27
       Ration            |       |       |     4 |     9 |     8 ||    21
Armor: Robe              |     9 |    14 |    41 |    57 |    98 ||   219
Dodge: Dodged            |    52 |    98 |   140 |   305 |   369 ||   964
Block: Kite shield       |       |       |       |    14 |   346 ||   360
